[Event "Team 45 45 League T50"]
[Site "Internet Chess Club"]
[Date "2011.08.24"]
[Round "2"]
[White "Uwak"]
[Black "zeigmata"]
[Result "1/2-1/2"]
[WhiteElo "2438"]
[BlackElo "2346"]
[Opening "Ruy Lopez: 5.O-O"]
[ECO "C78"]
[Time "12:04:28"]
[TimeControl "2700+45"]

1. e4 e5 2. Nf3 Nc6 3. Bb5 a6 4. Ba4 Nf6 5. O-O b5 6. Bb3 Be7 7. d4 d6 8. c3 O-O
9. h3 Bb7 10. Re1 Na5 11. Bc2 c5 12. b4 cxb4 13. cxb4 Nc6 14. a3 d5 15. Nxe5
Nxe5 16. dxe5 Nxe4 17. Nd2 a5 18. bxa5 Rxa5 19. Qe2 Qa8 20. Bb2 Bxa3 21. Nxe4
dxe4 22. Rxa3 Rxa3 23. e6 fxe6 24. Qg4 Rf7 25. Bxa3 Qxa3 26. Qxe6 Qc5 27. Bb3
Qxf2+ 28. Kh2 g6 29. Rb1 e3 30. Qxf7+ Qxf7 31. Bxf7+ Kxf7 32. Rxb5 Ba6 33. Re5
e2 34. Kg3 Kf6 35. Re8 h5 36. h4 Bc4 37. Kf2 Bd3 38. g3 Bc4 39. Rf8+ Ke5 40. Rf4
Bd3 41. Ke1 Ke6 42. Kd2 Ke7 43. Rd4 Bb5 44. Rb4 Bd3 45. Rb6 Kf7 46. Rb3 Ba6 47.
Rf3+ Ke7 48. Ra3 Bc4 49. Rc3 Bb5 50. Rc5 Bd3 51. Re5+ Kf6 52. Re3 Bc4 53. Re4
Bb5 54. Rb4 Bd3 55. Rd4 Bb5 56. Ke1 Ke6 57. Kf2 Ke5 58. Rb4 Bd3 59. Rb6 Kf5 60.
Rd6 Bc4 61. Rd4 Ba6 62. Rd5+ Ke6 63. Rc5 Bd3 64. Rg5 Kf6 65. Rd5 Bc4 66. Rd4 Bb5
67. Ke1 Ke6 {Game drawn by mutual agreement} 1/2-1/2

[Event "Team 45 45 League T50"]
[Site "Internet Chess Club"]
[Date "2011.08.22"]
[Round "2"]
[White "screamingeagle"]
[Black "pentti63"]
[Result "0-1"]
[WhiteElo "1990"]
[BlackElo "2280"]
[Opening "Caro-Kann: Tartakower (fantasy) variation"]
[ECO "B12"]
[Time "11:00:22"]
[TimeControl "2700+45"]

1. e4 c6 2. d4 d5 3. f3 dxe4 4. fxe4 e5 5. d5 Qh4+ 6. Kd2 Qxe4 7. Nc3 Bb4 8. Nf3
Qxd5+ 9. Bd3 Bf5 10. Qe2 Nd7 11. a3 Bxc3+ 12. Kxc3 Bxd3 13. cxd3 Ne7 14. Re1 f6
15. d4 Ng6 16. dxe5 Ndxe5 17. h4 O-O-O 18. Be3 Rhe8 19. Nd4 c5 20. Nb3 b6 21.
Rad1 Qc6 22. h5 Ne7 23. Bg1 Nd5+ 24. Kc2 Nf4 25. Qa6+ Qb7 26. Rxd8+ Rxd8 27.
Qxb7+ Kxb7 28. Bh2 Nfd3 29. Re3 c4 30. Nd2 b5 31. b3 cxb3+ 32. Nxb3 Rc8+ 33. Kd1
Nf2+ 34. Ke2 Rc2+ 35. Kf1 Nfg4 36. Rh3 Nxh2+ 37. Rxh2 Rc3 38. h6 g6 39. Nd4 a6
40. Ne6 Nf7 41. Rh4 Rxa3 42. Nf8 Ng5 43. Rd4 Ra4 44. Rd7+ Kc6 45. g3 b4 46. Nxh7
Nxh7 47. Rxh7 b3 48. Rh8 b2 49. Rb8 Ra1+ 50. Kg2 b1=Q 51. Rxb1 Rxb1 52. h7 Rb8
{White resigns} 0-1

[Event "Team 45 45 League T50"]
[Site "Internet Chess Club"]
[Date "2011.08.18"]
[Round "2"]
[White "aww-rats"]
[Black "jefferyx"]
[Result "1-0"]
[WhiteElo "2127"]
[BlackElo "2158"]
[Opening "English: symmetrical variation"]
[ECO "A37"]
[Time "18:01:16"]
[TimeControl "2700+45"]

1. c4 c5 2. Nc3 Nc6 3. g3 g6 4. Bg2 Bg7 5. Nf3 e6 6. d4 Nxd4 7. Nxd4 cxd4 8. Ne4
Qc7 9. c5 Ne7 10. Bf4 e5 11. Nd6+ Kd8 12. Nxf7+ Ke8 13. Nd6+ Kd8 14. Bg5 Rf8 15.
b4 h6 16. Bxe7+ Kxe7 17. Qd3 Rf6 18. O-O a5 19. a3 Rb8 20. e3 b6 21. exd4 bxc5
22. dxe5 Re6 23. Qf3 Bxe5 24. Qf7+ Kxd6 25. Rad1+ Bd4 26. Qf8+ Re7 27. Rfe1 Qb6
28. Qxe7+ Kc7 29. Rxd4 {Black resigns} 1-0

[Event "Team 45 45 League T50"]
[Site "Internet Chess Club"]
[Date "2011.08.21"]
[Round "2"]
[White "Paulkov"]
[Black "mers37"]
[Result "1/2-1/2"]
[WhiteElo "2306"]
[BlackElo "2002"]
[Opening "Owen defense"]
[ECO "B00"]
[Time "12:04:23"]
[TimeControl "2700+45"]

1. e4 b6 2. d4 Bb7 3. Bd3 e6 4. Nf3 Nf6 5. e5 Ne4 6. O-O d5 7. c4 dxc4 8. Qa4+
Qd7 9. Qxc4 Be7 10. Re1 Ba6 11. Qc2 Bxd3 12. Qxd3 Nc5 13. Qe2 Nca6 14. Nc3 Nb4
15. Bg5 Bxg5 16. Nxg5 N8c6 17. Nf3 Ne7 18. Rac1 O-O 19. a3 Nbd5 20. Nxd5 Nxd5
21. Ng5 h6 22. Ne4 Rfd8 23. Qg4 Kh8 24. Red1 Qb5 25. Qf3 {Game drawn by mutual
agreement} 1/2-1/2

[Event "Team 45 45 League T50"]
[Site "Internet Chess Club"]
[Date "2011.08.19"]
[Round "2"]
[White "Seaborgium"]
[Black "LAgenieMP"]
[Result "0-1"]
[WhiteElo "1949"]
[BlackElo "1873"]
[Opening "English: Sicilian reversed"]
[ECO "A25"]
[Time "14:07:44"]
[TimeControl "2700+45"]

1. c4 e5 2. Nc3 Nc6 3. g3 f5 4. Bg2 Nf6 5. d3 Bb4 6. e3 O-O 7. Ne2 d6 8. O-O Qe8
9. Nd5 Nxd5 10. cxd5 Ne7 11. a3 Bc5 12. b4 Bb6 13. Nc3 Bd7 14. Bb2 a5 15. Kh1
axb4 16. axb4 Rxa1 17. Bxa1 Rf6 18. Bb2 Rh6 19. Qe2 g5 20. f4 g4 21. Ra1 Qh5 22.
Ra8+ Kf7 23. Bf1 Bxe3 24. Nd1 Nxd5 25. Nxe3 Nxe3 26. h4 exf4 27. Bh8 fxg3 {White
resigns} 0-1

[Event "Team 45 45 League T50"]
[Site "Internet Chess Club"]
[Date "2011.08.22"]
[Round "2"]
[White "Horoblitz"]
[Black "Woss"]
[Result "0-1"]
[WhiteElo "2251"]
[BlackElo "2281"]
[Opening "Sicilian: modern Scheveningen, main line with Nb3"]
[ECO "B83"]
[Time "18:00:10"]
[TimeControl "2700+45"]

1. e4 c5 2. Nf3 d6 3. d4 cxd4 4. Nxd4 Nf6 5. Nc3 e6 6. Be2 Nc6 7. O-O Be7 8. Be3
O-O 9. f4 Bd7 10. Nb3 Qc7 11. Bf3 Rfd8 12. g4 d5 13. e5 Ne8 14. Nb5 Qb8 15. a4
a6 16. N5d4 Nxd4 17. Nxd4 Rc8 18. a5 b6 19. axb6 Qxb6 20. Rb1 Nc7 21. Qd2 Nb5
22. f5 Nxd4 23. Bxd4 Bc5 24. c3 Bxd4+ 25. cxd4 Rc4 26. Rbd1 Ba4 27. f6 Bxd1 28.
Qg5 Qxd4+ 29. Rf2 Qxg4+ {White resigns} 0-1

[Event "Team 45 45 League T50"]
[Site "Internet Chess Club"]
[Date "2011.08.28"]
[Round "2"]
[White "parpin"]
[Black "chsrules88"]
[Result "1-0"]
[WhiteElo "2090"]
[BlackElo "1997"]
[Opening "Caro-Kann: exchange, Rubinstein variation"]
[ECO "B13"]
[Time "12:00:22"]
[TimeControl "2700+45"]

1. d4 c5 2. e3 cxd4 3. exd4 d5 4. Bd3 Nf6 5. c3 Nc6 6. Bf4 e6 7. Nf3 Bd6 8. Ne5
Bxe5 9. dxe5 Nd7 10. Qe2 Qc7 11. O-O Ndxe5 12. Qh5 g6 13. Qh6 f5 14. Re1 Ng4 15.
Qxg6+ hxg6 16. Bxc7 Bd7 17. Nd2 Kf7 18. Nf3 Rhe8 19. Rad1 Rac8 20. Bd6 Nf6 21.
Ng5+ Kg7 22. h4 e5 23. Bc2 e4 24. Bb3 Be6 25. Bf4 Rcd8 26. Re2 Bg8 27. Red2 a6
28. Kh1 Na5 29. Bc2 Nc4 30. Re2 b5 31. Bb3 Ng4 32. Kg1 Nge5 33. Bxc4 Nxc4 34. b3
Ne5 35. Be3 Nd3 36. Bd4+ Kf8 37. Ra1 Nf4 38. Rd2 Ne6 39. Nxe6+ Bxe6 40. a4 Bd7
41. Bf6 Rc8 42. Rxd5 Be6 43. Rd6 Bxb3 44. axb5 axb5 45. Ra5 Bc4 46. Bd4 Re6 47.
Rxe6 Bxe6 48. Rxb5 Rc6 49. Kh2 Bc4 50. Rb7 Be2 51. Kg3 Bf1 52. Rd7 Ke8 53. Rg7
Kf8 54. Kf4 Be2 55. Kg5 Bh5 56. Ra7 Ke8 57. Kf4 Be2 58. Ke5 Bc4 59. h5 gxh5 60.
Kxf5 Bf1 61. Rg7 Bd3 62. Kg5 Be2 63. Kf4 Bd3 64. Rh7 Rg6 65. g3 Rg4+ 66. Ke5
Rg5+ 67. Kd6 Rg6+ 68. Kc7 Rg5 69. Be3 Rf5 70. Kd6 Bc4 71. Re7+ Kd8 72. Bb6+ Kc8
73. Rc7+ Kb8 74. Rxc4 Rf6+ 75. Kc5 Rxf2 76. Rxe4 Rf3 77. c4 Rxg3 78. Re8+ Kb7
79. Re7+ Ka8 80. Rh7 Rg5+ 81. Kc6 Rg6+ 82. Kb5 Kb8 83. Rxh5 Rg2 84. c5 Kc8 85.
Rh7 Rf2 86. Rh6 Rg2 87. Kc6 Rg8 88. Kb5 Rg2 89. Rd6 Rg8 90. Kc6 Rh8 91. Rd8+
Rxd8 92. Bxd8 Kxd8 93. Kb7 Kd7 94. c6+ Kd8 95. c7+ Kd7 96. c8=Q+ {Black resigns}
1-0

[Event "Team 45 45 League T50"]
[Site "Internet Chess Club"]
[Date "2011.08.19"]
[Round "2"]
[White "izit"]
[Black "Travelreader1"]
[Result "1-0"]
[WhiteElo "2260"]
[BlackElo "2063"]
[Opening "Benoni defense"]
[ECO "A61"]
[Time "13:59:29"]
[TimeControl "2700+45"]

1. d4 Nf6 2. c4 c5 3. d5 e6 4. Nc3 exd5 5. cxd5 d6 6. Nf3 g6 7. h3 Bg7 8. e4 O-O
9. Bd3 a6 10. a4 Nbd7 11. Bf4 Qe7 12. O-O Nh5 13. Bh2 b6 14. Re1 Ne5 15. Be2
Nxf3+ 16. Bxf3 Be5 17. Bxh5 Bxh2+ 18. Kxh2 Qe5+ 19. Kh1 gxh5 20. Qc1 Re8 21. f4
Qg7 22. e5 dxe5 23. fxe5 Rxe5 24. Qf4 Rxe1+ 25. Rxe1 Bd7 26. Re7 Be8 27. Ne4
Qxb2 28. Nf6+ Kf8 29. Qd6 Kg7 30. Nxe8+ Kh8 31. Re3 Qc1+ 32. Kh2 {Black resigns}
1-0

[Event "Team 45 45 League T50"]
[Site "Internet Chess Club"]
[Date "2011.08.20"]
[Round "2"]
[White "chess9793"]
[Black "QueensCounselor"]
[Result "0-1"]
[WhiteElo "2112"]
[BlackElo "2152"]
[Opening "Sicilian: Najdorf, Byrne (English) attack"]
[ECO "B90"]
[Time "13:01:59"]
[TimeControl "2700+45"]

1. e4 c5 2. Nf3 d6 3. d4 cxd4 4. Nxd4 Nf6 5. Nc3 a6 6. Be3 e6 7. f4 Be7 8. Qf3
Qc7 9. g4 h6 10. g5 hxg5 11. fxg5 Nfd7 12. g6 Ne5 13. gxf7+ Nxf7 14. O-O-O Nc6
15. Be2 Bd7 16. Qg3 Bf6 17. h4 b5 18. Bg4 Nxd4 19. Bxd4 Ne5 20. Rhf1 O-O-O 21.
Be2 Qc6 22. h5 b4 23. Nb1 a5 24. Qe3 Kb7 25. a3 Rc8 26. Qd2 Bg5 27. axb4 Qxc2#
{White checkmated} 0-1

[Event "Team 45 45 League T50"]
[Site "Internet Chess Club"]
[Date "2011.08.20"]
[Round "2"]
[White "jonesey"]
[Black "Stryker672"]
[Result "1-0"]
[WhiteElo "1964"]
[BlackElo "1970"]
[Opening "QGD: Cambridge Springs defense"]
[ECO "D52"]
[Time "14:05:50"]
[TimeControl "2700+45"]

1. d4 Nf6 2. Nf3 d5 3. c4 e6 4. Nc3 Nbd7 5. Bg5 c6 6. e3 Qa5 7. Bd3 Bb4 8. O-O
O-O 9. cxd5 exd5 10. Qc2 Re8 11. a3 Bxc3 12. Qxc3 Qxc3 13. bxc3 Ne4 14. c4 Nxg5
15. Nxg5 h6 16. Nf3 dxc4 17. Bxc4 Nb6 18. Bb3 Nd5 19. Rab1 b6 20. Ne5 Bb7 21. e4
Rxe5 22. dxe5 Nc3 23. Ra1 Nxe4 24. Rfd1 Nc5 25. Ba2 g5 26. Rd6 Kg7 27. Rf6 Rf8
28. Rd1 Ne4 29. Rd7 Nxf6 30. exf6+ Kxf6 31. Rxb7 Rd8 32. Rxf7+ Kg6 33. g4 Rd1+
34. Kg2 Ra1 35. Bb3 Rxa3 36. Rf3 Ra5 37. Kg3 Rc5 38. h4 gxh4+ 39. Kxh4 a5 40.
Bf7+ Kg7 41. Be8 a4 42. Rf7+ Kg8 43. Ra7 b5 44. Ra6 Rc2 45. Bxc6 b4 46. Bxa4
Rxf2 47. Rxh6 Kg7 48. Rb6 Rf4 49. Kg5 Rd4 50. Rb7+ Kf8 51. Kh5 Rc4 52. Rf7+ Kg8
53. Bb3 Rc3 54. Rf3+ Kg7 55. Rxc3 bxc3 56. Kg5 Kh7 57. Bc2+ Kg7 58. Bb3 Kh7 59.
Kf6 {Black resigns} 1-0

[Event "Team 45 45 League T50"]
[Site "Internet Chess Club"]
[Date "2011.08.18"]
[Round "2"]
[White "CamLeslie"]
[Black "Deckfuel"]
[Result "1-0"]
[WhiteElo "1890"]
[BlackElo "1944"]
[Opening "Queen's pawn game"]
[ECO "E10"]
[Time "06:06:52"]
[TimeControl "2700+45"]

1. d4 Nf6 2. c4 e6 3. Nf3 d5 4. cxd5 exd5 5. Nc3 c6 6. Qc2 g6 7. Bg5 Be7 8. e4
Nxe4 9. Bxe7 Qxe7 10. Nxd5 cxd5 11. Qxc8+ Qd8 12. Bb5+ Ke7 13. Qxb7+ Nd7 14. Ne5
Nf6 15. Nc6+ {Black resigns} 1-0

[Event "Team 45 45 League T50"]
[Site "Internet Chess Club"]
[Date "2011.08.22"]
[Round "2"]
[White "M-Abotreka"]
[Black "Morovon23"]
[Result "0-1"]
[WhiteElo "2037"]
[BlackElo "2330"]
[Opening "QGA: 3.e4"]
[ECO "D20"]
[Time "18:00:47"]
[TimeControl "2700+45"]

1. d4 d5 2. c4 dxc4 3. e4 e5 4. Nf3 exd4 5. Bxc4 Nc6 6. O-O Be6 7. Bxe6 fxe6 8.
Bg5 Qd7 9. Nbd2 h6 10. Bh4 Bd6 11. e5 Be7 12. Rc1 g5 13. Bg3 h5 14. Qb3 O-O-O
15. h4 g4 16. Ng5 Bxg5 17. hxg5 h4 18. Bf4 Qd5 19. Qxd5 Rxd5 20. Ne4 Nge7 21.
Nf6 Rb5 22. b3 Ng6 23. Bh2 Ngxe5 24. a4 Rxb3 25. Rxc6 Nxc6 26. g6 Ne7 27. g7 Rd8
28. Nxg4 Nf5 29. Be5 Nxg7 30. Rc1 Ne8 31. Nf6 Rc3 32. Re1 Rc2 33. Nxe8 d3 {White
resigns} 0-1

[Event "Team 45 45 League T50"]
[Site "Internet Chess Club"]
[Date "2011.08.22"]
[Round "2"]
[White "MikeA"]
[Black "frontier"]
[Result "1/2-1/2"]
[WhiteElo "2210"]
[BlackElo "2173"]
[Opening "French: exchange variation"]
[ECO "C01"]
[Time "20:00:08"]
[TimeControl "2700+45"]

1. e4 e6 2. d4 d5 3. exd5 exd5 4. Bd3 Bd6 5. Nf3 Bg4 6. O-O Ne7 7. h3 Bh5 8. Re1
Nc6 9. Nc3 Bxf3 10. Qxf3 O-O 11. Nb5 Bb4 12. c3 a6 13. Nxc7 Qxc7 14. cxb4 Nxd4
15. Qf4 Qxf4 16. Bxf4 Ne6 {Game drawn by mutual agreement} 1/2-1/2

[Event "Team 45 45 League T50"]
[Site "Internet Chess Club"]
[Date "2011.08.18"]
[Round "2"]
[White "AmrSobh"]
[Black "spacecadet"]
[Result "0-1"]
[WhiteElo "2091"]
[BlackElo "2047"]
[Opening "King's Indian: Averbakh, 6...c5"]
[ECO "E74"]
[Time "17:30:40"]
[TimeControl "2700+45"]

1. d4 Nf6 2. c4 g6 3. Nc3 Bg7 4. e4 d6 5. Be2 O-O 6. Bg5 c5 7. d5 h6 8. Bf4 e6
9. Nf3 exd5 10. cxd5 Re8 11. Nd2 Na6 12. O-O Nc7 13. a4 b6 14. Re1 a6 15. Bf3
Rb8 16. Nc4 Bf8 17. e5 dxe5 18. Bxe5 b5 19. axb5 axb5 20. Na5 Bd7 21. d6 Rxe5
22. Rxe5 Ne6 23. h3 Qb6 24. Nd5 Nxd5 25. Rxd5 Nd4 26. Bg4 Be6 27. Bxe6 fxe6 28.
Re5 Qxd6 29. Re3 Bg7 30. Qd3 Kh7 31. h4 Qd5 32. Rg3 Nf5 33. h5 Qxd3 34. hxg6+
Kh8 35. Rxd3 Bxb2 36. Rb1 Bd4 37. Nc6 Rc8 38. Nxd4 Nxd4 39. Kh2 b4 40. Rc1 b3
41. g7+ Kg8 42. Rd2 e5 43. f4 e4 44. Rxd4 b2 45. Rxc5 Rxc5 46. Rb4 Rc2 47. Kg3
Kxg7 48. Rb6 e3 49. Kf3 e2 50. Kf2 e1=Q+ 51. Kxe1 Rc1+ 52. Kf2 b1=Q 53. Rxb1
Rxb1 {White resigns} 0-1

[Event "Team 45 45 League T50"]
[Site "Internet Chess Club"]
[Date "2011.08.22"]
[Round "2"]
[White "Colombiano07"]
[Black "egyptiantiger"]
[Result "0-1"]
[WhiteElo "1837"]
[BlackElo "2121"]
[Opening "Sicilian: Najdorf"]
[ECO "B90"]
[Time "13:04:09"]
[TimeControl "2700+45"]

1. e4 c5 2. Nf3 d6 3. d4 cxd4 4. Nxd4 Nf6 5. Nc3 a6 6. Rg1 e5 7. Nb3 Be6 8. g4
h6 9. h4 d5 10. g5 hxg5 11. hxg5 Nxe4 12. Nxe4 dxe4 13. Qe2 Nc6 14. Qxe4 Bxb3
15. axb3 Qd4 16. Qe2 Bb4+ 17. c3 Bxc3+ 18. bxc3 Qxc3+ 19. Qd2 Qxa1 20. g6 f6 21.
Bc4 Rd8 22. Bf7+ Ke7 23. Qe3 Nd4 24. Kf1 Rh2 25. f4 Re2 26. Qxe2 Qxc1+ 27. Kf2
Qxg1+ 28. Kxg1 Nxe2+ 29. Kf2 Nxf4 {White resigns} 0-1

[Event "Team 45 45 League T50"]
[Site "Internet Chess Club"]
[Date "2011.08.22"]
[Round "2"]
[White "Zumbi"]
[Black "chiiwen"]
[Result "1/2-1/2"]
[WhiteElo "2216"]
[BlackElo "2219"]
[Opening "Sicilian: Kan, 5.Nc3"]
[ECO "B43"]
[Time "21:00:05"]
[TimeControl "2700+45"]

1. e4 c5 2. Nf3 e6 3. d4 cxd4 4. Nxd4 a6 5. Nc3 Qc7 6. Bd3 Nf6 7. f4 d6 8. Qf3
Nc6 9. Nxc6 Qxc6 10. O-O b5 11. a3 Bb7 12. Qg3 h5 13. h3 h4 14. Qe1 d5 15. exd5
Nxd5 16. Be4 Qb6+ 17. Kh1 Nxc3 18. bxc3 Rc8 19. f5 Bxe4 20. Qxe4 Qc6 21. Qd3 e5
22. Bd2 f6 23. Rfe1 Qd7 24. Re4 Rd8 25. Qxd7+ Rxd7 26. Be1 Rh5 27. Bxh4 Rxf5 28.
a4 {Game drawn by mutual agreement} 1/2-1/2

[Event "Team 45 45 League T50"]
[Site "Internet Chess Club"]
[Date "2011.08.20"]
[Round "2"]
[White "C-Kalla"]
[Black "vnchess"]
[Result "1-0"]
[WhiteElo "2256"]
[BlackElo "2117"]
[Opening "English opening"]
[ECO "A20"]
[Time "15:21:15"]
[TimeControl "2700+45"]

1. c4 e5 2. g3 Nf6 3. Bg2 Nc6 4. Nc3 Bc5 5. Nf3 d6 6. d3 h6 7. O-O O-O 8. a3 a5
9. e3 Bb6 10. b3 Bf5 11. h3 Qd7 12. Kh2 Rae8 13. Bb2 e4 14. dxe4 Nxe4 15. Nd5
Bc5 16. Nd2 Ng5 17. g4 Bd3 18. Re1 f5 19. Nf4 Be4 20. f3 fxg4 21. Nxe4 Bxe3 22.
Rxe3 Rxf4 23. hxg4 Nxe4 24. Rxe4 Rexe4 25. fxe4 Rxg4 26. Bh3 Rh4 27. Qd5+ Kh8
28. Qf5 Qe7 29. Rg1 Ne5 30. Bxe5 Qxe5+ 31. Qxe5 dxe5 32. Rg4 Rh5 33. Kg2 g5 34.
Rg3 Rh4 35. Bf5 Kg7 36. Rd3 g4 37. Rd7+ Kf6 38. Rxc7 Kg5 39. Rxb7 h5 40. c5 Rh3
41. c6 Rc3 42. c7 Rc2+ 43. Kf1 g3 44. c8=Q Rf2+ 45. Kg1 Kf4 46. Qc1+ Kf3 47. Rc7
Rg2+ 48. Kf1 Rf2+ 49. Ke1 Re2+ 50. Kd1 g2 51. Bg4+ hxg4 52. Rf7+ {Black resigns}
1-0

[Event "Team 45 45 League T50"]
[Site "Internet Chess Club"]
[Date "2011.08.22"]
[Round "2"]
[White "Ptzz"]
[Black "Chess-Dream"]
[Result "1/2-1/2"]
[WhiteElo "2095"]
[BlackElo "2015"]
[Opening "QGD Slav: Czech defense"]
[ECO "D17"]
[Time "13:00:27"]
[TimeControl "2700+45"]

1. d4 d5 2. c4 c6 3. Nf3 Nf6 4. Nc3 dxc4 5. a4 Bf5 6. Nh4 e6 7. Nxf5 exf5 8. e3
Bb4 9. Bxc4 O-O 10. O-O Nbd7 11. Qc2 g6 12. Na2 Bd6 13. h3 Nb6 14. b4 Nxc4 15.
Qxc4 a6 16. Nc3 Nd5 17. Ba3 Re8 18. Nxd5 cxd5 19. Qd3 Qd7 20. b5 Bxa3 21. Qxa3
axb5 22. a5 Re6 23. Rfb1 Rea6 24. Qb4 b6 25. Qxb5 Qxb5 26. Rxb5 Rxa5 27. Rab1
Ra1 28. Rxb6 Rxb1+ 29. Rxb1 Ra6 30. Rb8+ Kg7 31. Rd8 Ra5 32. Kh2 Kf6 33. Kg3 Ke6
34. Rh8 h5 35. h4 f6 36. Rh6 Kf7 37. Rh7+ Ke6 38. Kf3 f4 39. Kxf4 Ra2 40. Kf3
Rb2 41. g3 Ra2 42. Rg7 Kf5 43. Re7 Rb2 44. Rd7 Ke6 45. Rg7 Kf5 46. Re7 Ra2 47.
Re8 Rb2 48. Ra8 Ke6 49. Ra6+ Ke7 50. Ra8 Ke6 51. Rg8 Kf5 52. Re8 Ra2 53. e4+
dxe4+ 54. Ke3 Ra3+ 55. Ke2 Ra2+ 56. Ke3 Ra3+ 57. Ke2 Ra2+ {Game drawn by mutual
agreement} 1/2-1/2

[Event "Team 45 45 League T50"]
[Site "Internet Chess Club"]
[Date "2011.08.22"]
[Round "2"]
[White "cheVelle"]
[Black "grabuark"]
[Result "0-1"]
[WhiteElo "1933"]
[BlackElo "2092"]
[Opening "Sicilian: dragon, Yugoslav attack, 10.O-O-O"]
[ECO "B78"]
[Time "22:01:54"]
[TimeControl "2700+45"]

1. e4 c5 2. Nf3 d6 3. d4 cxd4 4. Nxd4 Nf6 5. Nc3 g6 6. Be3 Bg7 7. f3 O-O 8. Qd2
Nc6 9. Bc4 Bd7 10. O-O-O Rb8 11. h4 b5 12. Ncxb5 Ne5 13. Be2 a6 14. Nc3 Qb6 15.
Nb3 Qb7 16. Nd5 Nxd5 17. Qxd5 Nc6 18. Qd2 Rfc8 19. c3 Nb4 20. Kb1 Nxa2 21. Na5
Nxc3+ 22. Qxc3 Qxb2+ 23. Qxb2 Rxb2+ 24. Ka1 Rb5+ 25. Bd4 Rxa5+ 26. Kb2 Rb8+ 27.
Kc3 Ra3+ 28. Kd2 Bxd4 29. Rb1 Be3+ 30. Kc2 Ba4+ {White resigns} 0-1

[Event "Team 45 45 League T50"]
[Site "Internet Chess Club"]
[Date "2011.08.21"]
[Round "2"]
[White "Jazzlines"]
[Black "TICC"]
[Result "0-1"]
[WhiteElo "1334"]
[BlackElo "1477"]
[Opening "Grünfeld: 5.Bg5"]
[ECO "D91"]
[Time "20:03:15"]
[TimeControl "2700+45"]

1. d4 Nf6 2. c4 g6 3. Nc3 d5 4. Nf3 Bg7 5. Bg5 e6 6. e3 h6 7. Bh4 O-O 8. Rc1 Re8
9. Ne5 Nbd7 10. f4 c5 11. Bd3 cxd4 12. exd4 Qb6 13. Nb5 a6 14. c5 Qa5+ 15. Nc3
Qb4 16. Qa4 Qxb2 17. O-O b5 18. Nxb5 axb5 19. Qxa8 Nxe5 20. dxe5 Qd4+ 21. Bf2
Qxd3 22. exf6 Bxf6 23. c6 Qe4 24. g3 d4 25. Rcd1 Bd7 26. Rfe1 Qxe1+ 27. Rxe1
Rxa8 28. cxd7 Rd8 29. Rb1 Rxd7 30. Rxb5 d3 31. Rb1 d2 32. Rd1 Bc3 33. Be3 Rd3
34. Bf2 Bb2 35. Kf1 Bc1 36. Ke2 Ra3 37. Be3 Rxa2 38. Bxd2 Bxd2 39. Rxd2 Rxd2+
40. Kxd2 Kg7 41. Ke3 Kf6 42. g4 g5 43. Kf3 gxf4 44. Kxf4 e5+ 45. Ke4 Kg5 46.
Kxe5 Kxg4 47. Kf6 h5 48. Kxf7 h4 49. Kg6 {White resigns} 0-1

[Event "Team 45 45 League T50"]
[Site "Internet Chess Club"]
[Date "2011.08.20"]
[Round "2"]
[White "werdnac"]
[Black "mongmong"]
[Result "0-1"]
[WhiteElo "1271"]
[BlackElo "1650"]
[Opening "French: Winawer (Nimzovich) variation"]
[ECO "C15"]
[Time "15:23:11"]
[TimeControl "2700+45"]

1. e4 e6 2. d4 d5 3. Nc3 Bb4 4. f3 dxe4 5. fxe4 Qh4+ 6. g3 Qxe4+ 7. Ne2 Bxc3+ 8.
bxc3 Qxh1 9. Bb2 Nf6 10. Qd2 Qd5 11. Nf4 Qe4+ 12. Ne2 Ng4 13. O-O-O Qe3 14. Qxe3
Nxe3 15. Re1 Nxf1 16. Rxf1 O-O 17. h4 b6 18. g4 Bb7 19. g5 Nd7 20. h5 c5 21.
dxc5 Nxc5 22. c4 Ba6 23. h6 g6 24. Re1 Bxc4 25. a3 Bxe2 26. Rxe2 Rfd8 27. Bf6
Rd7 28. Re1 Kf8 29. Bg7+ Ke8 30. Bf6 Rc8 31. Kb2 Na4+ 32. Kc1 Nc3 33. Kb2 Nd5
34. Bg7 Ne7 35. Bf6 Nc6 36. Re2 Nd4 37. Rd2 Nb5 38. Rxd7 Kxd7 39. Bg7 Nc7 40.
Bf6 Nd5 41. Bg7 Ne3 42. c3 Nf1 43. Kb3 Ng3 44. Bf6 Ne4 45. Bg7 Nxg5 46. Bf6 Ne4
47. Bg7 f5 48. Bf6 Nxf6 49. Kc2 Ng4 50. a4 Rxc3+ 51. Kxc3 Nxh6 52. Kd4 Kd6 53.
Ke3 e5 54. Kf3 a6 55. Kg3 b5 56. axb5 axb5 57. Kf3 Kd5 58. Ke2 g5 59. Kd2 g4 60.
Ke2 b4 61. Kd2 Ke4 62. Kc2 g3 63. Kb3 g2 64. Kxb4 g1=Q 65. Kc3 Qd4+ 66. Kc2 Qd3+
67. Kb2 Qc4 68. Kb1 Qc3 69. Ka2 Qb4 70. Ka1 Kd4 71. Ka2 Qb5 72. Ka3 Qb8 73. Ka2
Kc4 74. Ka3 Qb3# {White checkmated} 0-1

[Event "Team 45 45 League T50"]
[Site "Internet Chess Club"]
[Date "2011.08.21"]
[Round "2"]
[White "seattleblues"]
[Black "kid6988"]
[Result "1-0"]
[WhiteElo "1442"]
[BlackElo "1511"]
[Opening "Ruy Lopez: Anderssen variation"]
[ECO "C77"]
[Time "21:12:36"]
[TimeControl "2700+45"]

1. e4 e5 2. Nf3 Nc6 3. Bb5 a6 4. Ba4 Nf6 5. d3 b5 6. Bb3 Be7 7. O-O d6 8. c3 O-O
9. h3 Bb7 10. Re1 Re8 11. Ng5 Rf8 12. d4 h6 13. Nf3 Re8 14. d5 Na7 15. Nbd2 c6
16. dxc6 Bxc6 17. Bc2 Rc8 18. Nf1 Bf8 19. Ng3 Qc7 20. Nf5 d5 21. exd5 Bxd5 22.
Be3 Qd7 23. Bxa7 Qxa7 24. Nxe5 Rcd8 25. Nf3 Bxa2 26. N5d4 Be6 27. Nc6 Rxd1 28.
Nxa7 Rxa1 29. Rxa1 Bc5 30. Rxa6 Ra8 31. Rxe6 fxe6 32. Nxb5 Rb8 33. c4 Bb6 34. g4
Ra8 35. Na3 Bc5 36. g5 Nd7 37. Be4 Ra6 38. Bb7 Rb6 39. Bc8 Nf8 40. Nb5 Rb8 41.
Ba6 Ra8 42. Nc7 Bb6 43. Nxa8 {Black resigns} 1-0

[Event "Team 45 45 League T50"]
[Site "Internet Chess Club"]
[Date "2011.08.21"]
[Round "2"]
[White "crazyhorses"]
[Black "Razorbackchess"]
[Result "1/2-1/2"]
[WhiteElo "1553"]
[BlackElo "1762"]
[Opening "Sicilian: Taimanov (Bastrikov) variation"]
[ECO "B47"]
[Time "17:12:46"]
[TimeControl "2700+45"]

1. e4 c5 2. Nf3 e6 3. d4 cxd4 4. Nxd4 Nc6 5. Nc3 Qc7 6. Ndb5 Qb8 7. Be3 a6 8.
Bb6 axb5 9. Nxb5 Bb4+ 10. c3 Ba5 11. Nc7+ Qxc7 12. Bxc7 Bxc7 13. Qg4 Be5 14. f4
Nf6 15. Qf3 Bc7 16. e5 Nd5 17. O-O-O Rxa2 18. Bc4 Ra1+ 19. Kc2 Rxd1 20. Rxd1
Nde7 21. Bd3 b6 22. Qg4 g6 23. h4 Nf5 24. Kd2 h5 25. Qh3 d6 26. Bb5 Bd7 27. Ra1
O-O 28. Bxc6 Bxc6 29. Ra7 Bb8 30. Ra6 dxe5 31. Rxb6 Bd5 32. fxe5 Bxe5 33. g4
Bf4+ 34. Kc2 Ne3+ 35. Kb1 Nxg4 36. Rb4 Bh6 37. Qd3 Nf2 38. Qd4 Be4+ 39. Ka2 Ra8+
40. Kb3 Bf8 41. Rb6 Rc8 42. Qxf2 Bc5 43. Qe2 Bd5+ 44. c4 Bxb6 45. cxd5 exd5 46.
Qb5 Bf2 47. Qxd5 Bxh4 48. Qd7 Rd8 49. Qc7 Bf6 50. Kc4 Kg7 51. b4 Rd4+ 52. Kc5
Rd2 53. Qb7 h4 54. Qf3 Rc2+ 55. Kb6 Rc3 56. Qf4 h3 57. b5 g5 58. Qg4 h2 59. Qg2
Bd8+ 60. Ka6 Ra3+ 61. Kb7 f5 62. Qxh2 Bf6 63. Qc7+ Kg6 64. Qd6 Ra2 65. b6 g4 66.
Kc8 Rc2+ 67. Kd7 Rb2 68. Kc8 Rc2+ 69. Kd7 Rb2 {Game drawn by mutual agreement}
1/2-1/2

[Event "Team 45 45 League T50"]
[Site "Internet Chess Club"]
[Date "2011.08.22"]
[Round "2"]
[White "Heian"]
[Black "Theodulf"]
[Result "1-0"]
[WhiteElo "1669"]
[BlackElo "1674"]
[Opening "Giuoco Pianissimo: Italian four knights variation"]
[ECO "C50"]
[Time "21:30:07"]
[TimeControl "2700+45"]

1. e4 e5 2. Nf3 Nc6 3. Bc4 Bc5 4. d3 Nf6 5. Nc3 d6 6. h3 a6 7. a3 Be6 8. Ba2 Qd7
9. Nd5 Bxd5 10. exd5 Ne7 11. c4 h6 12. Be3 Ba7 13. Bxa7 Rxa7 14. O-O O-O 15. Nd2
b5 16. b3 Nf5 17. f4 Ne3 18. Qf3 Nxf1 19. Rxf1 exf4 20. Qxf4 Raa8 21. Qh4 Rae8
22. Bb1 Qe7 23. Nf3 Nh7 24. Qg3 Qe3+ 25. Kh1 g5 26. Qg4 Qf4 27. Qh5 Kg7 28. d4
f5 29. Nh2 Nf6 30. Qd1 Qe3 31. Bxf5 Ne4 32. Bxe4 Rxf1+ 33. Nxf1 Qxe4 34. Kh2 Qe2
35. Qb1 Rf8 36. Ng3 Qf2 37. Nh5+ Kf7 38. Qh7+ Ke8 39. Qxc7 Qf7 40. Ng7+ {Black
resigns} 1-0